 Dungeon Crawl Stone Soup version 0.27.1-34-g3ba077fa99 (webtiles) character file.

Game seed: 12368613062384584403

87731 Arum the Devastator (level 15, -6/90 HPs)
             Began as a Demonspawn Fire Elementalist on Jan 15, 2022.
             Was a High Priest of Vehumet.
             Killed from afar by a will-o-the-wisp (8 damage)
             ... with a foxfire
             ... on level 1 of the Swamp.
             The game lasted 01:11:33 (27409 turns).

Arum the Devastator (Demonspawn Fire Elementalist) Turns: 27409, Time: 01:11:33

Health: -6/90      AC:  8    Str:  6    XL:     15   Next: 44%
Magic:  5/34       EV: 16    Int: 26    God:    Vehumet [*****.]
Gold:   1784       SH:  0    Dex: 17    Spells: 7/44 levels left

rFire    + + .     SeeInvis .   v - +6 spear "Diufekant" {elec, rF+ Int+4}
rCold    . . .     Faith    .   (no shield)
rNeg     + + +     Spirit   .   X - +1 robe {rC+}
rPois    +         Reflect  .   H - +3 helmet of the Abyss {Dex+4}
rElec    .         Harm     .   g - +0 cloak
rCorr    .         Rampage  .   (no gloves)
Will     +....                  (boots unavailable)
Stlth    ++........             f - amulet of regeneration
HPRegen  1.25/turn              Q - +4 ring of slaying
MPRegen  0.24/turn              Z - ring "Duigeju" {Fire rPois rN+++ Str-2 Dex-2}

@: studying Armour, repel missiles
A: hooves 3, repulsion field 3, powered by death 2, spiny 2
a: Renounce Religion


You were on level 1 of the Swamp.
You worshipped Vehumet.
Vehumet was extremely pleased with you.
You visited 4 branches of the dungeon, and saw 22 of its levels.
You also visited: Bailey and Ice Cave.

You collected 1784 gold pieces.

Inventory:

Hand Weapons
 m - the +8 trident of the Octopus King {venom, rElec rPois Will+}
   (You found it on level 6 of the Lair of Beasts)

   It poisons the flesh of those it strikes.
   rElec:     It insulates you from electricity.
   rPois:     It protects you from poison.
   Will:      It increases your willpower.
 v - the +6 spear "Diufekant" (weapon) {elec, rF+ Int+4}
   (You found it on level 7 of the Dungeon)

   It occasionally discharges a powerful burst of electricity upon striking a
   foe.
   Int:       It affects your intelligence (+4).
   rF:        It protects you from fire.
 B - the +4 fustibalus of the Final Chapter {speed, rElec Int-3 Dex+3}
   (You took it off a kobold in a bailey)

   Attacks with this weapon are significantly faster.
   Int:       It affects your intelligence (-3).
   Dex:       It affects your dexterity (+3).
   rElec:     It insulates you from electricity.
 G - a +6 falchion
Armour
 g - a +0 cloak (worn)
 t - a +0 troll leather armour
 H - the +3 helmet of the Abyss (worn) {Dex+4}
   (You found it on level 10 of the Dungeon)

   Dex:       It affects your dexterity (+4).
 X - a +1 robe of cold resistance (worn)
Magical Staves
 x - a staff of air
 Y - a staff of cold
Jewellery
 b - a ring of protection from fire
 f - an amulet of regeneration (around neck)
 j - a +4 ring of evasion
 J - a ring of willpower
 M - the ring of Moodiness {rPois rCorr}
   (You found it in an ice cave)

   [ring of resist corrosion]

   rPois:     It protects you from poison.
   rCorr:     It protects you from acid and corrosion.
 P - an amulet of reflection
 Q - a +4 ring of slaying (left hand)
 Z - the ring "Duigeju" (right hand) {Fire rPois rN+++ Str-2 Dex-2}
   (You acquired it on level 3 of the Lair of Beasts)

   [ring of fire]

   It enhances your fire magic.
   Str:       It affects your strength (-2).
   Dex:       It affects your dexterity (-2).
   rF:        It protects you from fire.
   rC:        It makes you vulnerable to cold.
   rPois:     It protects you from poison.
   rN:        It renders you almost immune to negative energy.
Wands
 s - a wand of digging (4)
 z - a wand of paralysis (18)
 E - a wand of mindburst (9)
 R - a wand of polymorph (7)
 V - a wand of iceblast (13)
Scrolls
 c - 4 scrolls of teleportation
 l - 6 scrolls of immolation
 n - 3 scrolls of blinking
 o - 2 scrolls of fog
 r - a scroll of summoning
 u - 2 scrolls of brand weapon
 w - 3 scrolls of noise
 y - 4 scrolls of fear
 C - 3 scrolls of silence
 D - 6 scrolls of enchant armour
 S - 2 scrolls of magic mapping
 T - 2 scrolls of torment
Potions
 a - a potion of invisibility
 d - 6 potions of flight
 h - a potion of berserk rage
 i - a potion of mutation
 k - 3 potions of lignification
 p - 6 potions of curing
 A - 2 potions of haste
 F - 2 potions of heal wounds
 I - 2 potions of cancellation
 L - 2 potions of resistance
 N - 3 potions of brilliance
 O - a potion of ambrosia
 U - 2 potions of attraction
 W - 4 potions of might
Miscellaneous
 e - a condenser vane
 q - a piece from Xom's chessboard (15/15)
 K - a box of beasts


   Skills:
 - Level 1.7 Dodging
 - Level 1.7 Stealth
 * Level 15.3 Spellcasting
 + Level 15.6 Conjurations
 + Level 13.4 Fire Magic
 + Level 3.4 Ice Magic


You had 7 spell levels left.
You knew the following spells:

 Your Spells              Type           Power      Damage    Failure   Level
a - Foxfire               Conj/Fire      100%       2x1d9     0%          1
b - Sticky Flame          Conj/Fire      97%        2d11      1%          4
c - Fireball              Conj/Fire      48%        3d19      1%          5
d - Freezing Cloud        Conj/Ice/Air   26%        6-21      1%          5
e - Orb of Destruction    Conj           39%        9d13      1%          7
f - Lee's Rapid Deconstr  Erth           9%         3d8*      19%         5
g - Lightning Bolt        Conj/Air       28%        1d45      1%          5
h - Bolt of Magma         Conj/Fire/Erth 40%        4d17      1%          5

Your spell library contained the following spells:

 Spells                   Type           Power      Damage    Failure   Level
 Magic Dart               Conj           100%       1d8       0%          1
 Searing Ray              Conj           100%       3d7       0%          2
 Conjure Flame            Conj/Fire      97%        6-21      0%          3
 Dazzling Flash           Conj/Hex       100%       N/A       1%          3
 Ignite Poison            Fire/Tmut/Pois 59%        N/A       1%          3
 Inner Flame              Hex/Fire       70%        N/A       1%          3
 Mephitic Cloud           Conj/Pois/Air  46%        N/A       1%          3
 Ozocubu's Armour         Ice            38%        N/A       1%          3
 Fulminant Prism          Conj/Hex       28%        3d14      1%          4
 Hailstorm                Conj/Ice       62%        3d13      1%          4
 Iskenderun's Battlesphe  Conj           79%        2d13      1%          5
 Sting                    Tmut/Pois      76%        1d6       2%          1
 Summon Small Mammal      Summ           76%        N/A       2%          1
 Conjure Ball Lightning   Conj/Air       28%        3x3d8     4%          6
 Call Canine Familiar     Summ           19%        N/A       9%          3
 Portal Projectile        Hex/Tloc       38%        N/A       9%          3
 Summon Guardian Golem    Hex/Summ       19%        N/A       9%          3
 Yara's Violent Unravell  Hex/Tmut       9%         3d6       19%         5
 Metabolic Englaciation   Hex/Ice        14%        N/A       36%         5
 Summon Mana Viper        Hex/Summ       19%        N/A       58%         5
 Ozocubu's Refrigeration  Ice            19%        4d8       77%         7
 Simulacrum               Ice/Necr       14%        N/A       90%         6
 Haunt                    Necr/Summ      9%         N/A       100%        7
 Malign Gateway           Summ/Tloc      9%         N/A       100%        7
 Borgnjor's Revivificati  Necr           9%         N/A       100%        8
 Necromutation            Tmut/Necr      9%         N/A       100%        8
 Death's Door             Necr           9%         N/A       100%        9


Dungeon Overview and Level Annotations

Branches:
Dungeon (14/15)            Temple (1/1) D:5            Lair (6/6) D:9
  Swamp (1/4) Lair:3        Snake (0/4) Lair:2        Slime (0/5) Lair:6
    Orc (0/2) D:11         Vaults (0/5) D:13         Bailey (visited)
  IceCv (visited)

Altars:
Ashenzari
Cheibriados
Dithmenos
Elyvilon
Fedhas
Gozag
Hepliaklqana
Kikubaaqudgha
Makhleb
Nemelex Xobeh
Okawaru
Qazlal
Ru
Sif Muna
Trog
Uskayaw
Vehumet
Wu Jian
Xom
Yredelemnul
Zin
The Shining One

Shops:
D:7 =   D:12 (

Annotations:
D:3 2 transporters, Garym's ghost, amateur GrEE
Lair:2 2 transporters, Kyrchokua's ghost, novice TrMo


Innate Abilities, Weirdness & Mutations

You have hooves in place of feet.
You are surrounded by a strong repulsion field. (EV +4, RMsl)
You regenerate health from kills.
You are mostly covered in sharp spines.


Message History

The spray of wooden splinters is repelled.
A tyrant leech comes into view.
The eleionoma is engulfed in freezing vapours.
The eleionoma touches a tree and draws upon its vitality.
The eleionoma is healed.
Unknown command.
Casting: Freezing Cloud (dangerous; 1% risk of failure)
Confirm with . or Enter, or press ? or * to list all spells.
Aiming: Lightning Bolt (dangerous; 1% risk of failure)
Press: ? - help, Shift-Dir - straight line, f/p - eleionoma
Aim: an eleionoma (freezing vapour, moderately wounded, 64% to hit)
You hear a mighty clap of thunder!
The bolt of lightning hits the eleionoma!!
The eleionoma is severely wounded.
The mangrove smoulders and burns.
You hear a deafening roar!
You hear a roar!
You hear an angry buzzing noise. x2
You hear a shout!
You hear a deafening roar!
You hear an angry buzzing noise.
You hear a deafening roar!
You hear a roar!
The eleionoma is engulfed in freezing vapours.
The eleionoma hurls a spray of splinters at you.
The spray of wooden splinters hits you!!!
* * * LOW HITPOINT WARNING * * *
You feel much better.
The will-o-the-wisp gestures.
The will-o-the-wisp conjures some foxfire!
The eleionoma is engulfed in freezing vapours.
The eleionoma touches a tree and draws upon its vitality.
The eleionoma is healed. 2 foxfires come into view.
The foxfire is engulfed in freezing vapours. x2
The foxfire hits you. You resist.
The will-o-the-wisp gestures.
The will-o-the-wisp conjures some foxfire!
The eleionoma is engulfed in freezing vapours.
The eleionoma hurls a spray of splinters at you.
The spray of wooden splinters hits the foxfire!!
The spray of wooden splinters hits you!!
* * * LOW HITPOINT WARNING * * *
The foxfire hits you! You resist.
You die...

♣♣.....♣♣
♣......≈§≈≈≈≈≈.
♣♣≈.>.≈≈.♣
♣♣≈≈...≈≈≈≈≈≈≈≈
♣≈.≈≈≈≈≈♣♣
♣.≈≈≈.≈≈≈≈≈≈≈§
♣.≈≈≈≈.♣♣♣
♣♣..♣.≈≈≈.§♣.≈
♣.≈≈≈≈.♣§♣♣♣
♣♣♣♣♣≈≈>≈♣♣♣≈
♣≈.≈≈≈.♣≈♣♣≈♣♣♣
♣≈...♣♣ ♣♣
♣♣≈≈≈....♣♣♣≈≈♣♣♣♣♣♣♣♣
♣ ♣♣≈♣......≈R☼§§♣
♣...≈≈≈@v§§°§.♣
♣...≈≈≈≈≈§≈§§§.≈♣
♣.(..≈≈≈≈≈§vv≈≈.♣
....≈≈≈≈≈≈≈≈§v≈≈≈.♣
≈≈...≈≈≈≈≈≈≈≈≈≈w≈≈...
≈≈.≈..≈≈≈......≈..≈≈≈.
......≈.≈≈≈♣♣♣♣♣≈≈≈..
......♣♣♣♣♣ ♣.≈≈≈


You could see an eleionoma, a tyrant leech and a will-o-the-wisp.

Vanquished Creatures
  3 very ugly things
  Nessos (Lair:4)
  A dire elephant (Lair:6)
  Snorg (D:11)
  A rakshasa (D:14)
  Fannar (Lair:1)
  8 hydras
  3 boulder beetles
  A merfolk avatar (Lair:6)
  A yaktaur captain (D:13)
  A catoblepas (Lair:5)
  5 centaur warriors
  Erica (Lair:2)
  6 two-headed ogres
  Sonja (Lair:2)
  5 skeletal warriors
  A sixfirhy (D:10)
  A sea snake (Lair:6)
  2 orange crystal statues (IceCv)
  3 deep elf pyromancers
  An orc knight (Bailey)
  2 oklob plants (Lair:2)
  7 manticores
  5 cyclopes
  2 slime creatures (D:12)
  5 ugly things
  6 elephants
  4 black mambas
  13 cane toads
  7 rime drakes
  2 yaktaurs (D:13)
  Psyche (D:8)
  11 komodo dragons
  6 freezing wraiths
  3 anaconda simulacra (IceCv)
  An efreet (D:11)
  5 golden dragon simulacra (IceCv)
  9 polar bears
  5 trolls
  A tyrant leech (Swamp:1)
  27 blink frogs
  7 dream sheep (Lair:5)
  Grinder (D:4)
  A snapping turtle (shapeshifter) (D:13)
  Sigmund (D:4)
  A centaur simulacrum (D:14)
  2 dire elephant simulacra (IceCv)
  2 shadows
  3 wraiths (D:9)
  41 yaks
  2 vampires
  6 wyverns
  Grum (D:11)
  Eustachio (D:4)
  2 steam dragons (Lair:6)
  10 vampire mosquitoes
  7 basilisks
  3 hydra simulacra (IceCv)
  3 nagas (Lair:2)
  A swamp worm (Swamp:1)
  5 acid dragons
  12 water moccasins
  A hornet zombie (D:6)
  4 ice beasts
  10 orc warriors
  20 wolves
  A swamp drake (Swamp:1)
  2 necrophages
  2 ettin simulacra (IceCv)
  An alligator simulacrum (IceCv)
  3 ogres
  8 centaurs
  2 kobold brigands
  A gnoll sergeant (D:9)
  12 bullfrogs
  A wyvern zombie (D:6)
  4 scorpions
  3 killer bees (D:8)
  A lindwurm simulacrum (IceCv)
  A water moccasin skeleton (D:6)
  15 wights
  7 howler monkeys
  3 electric eels
  2 bullfrog zombies (D:6)
  8 centaur zombies
  A centaur skeleton (D:6)
  3 hounds
  A jelly (D:8)
  6 orc priests
  A bullfrog skeleton (D:6)
  4 iguanas
  4 orc wizards
  A hound zombie (D:5)
  2 howler monkey zombies
  6 gnolls
  7 adders
  18 orcs
  5 ball pythons
  7 bats
  5 endoplasms
  2 giant cockroaches (D:4)
  9 goblins
  5 hobgoblins
  26 kobolds
  6 quokkas
  4 frilled lizards
  6 rats
  A foxfire (Lair:5)
524 creatures vanquished.

Vanquished Creatures (collateral kills)
  35 foxfires
35 creatures vanquished.

Vanquished Creatures (others)
  A cane toad (Lair:6)
  2081 foxfires
  33 fungi
  53 plants
2168 creatures vanquished.

Grand Total: 2727 creatures vanquished

Notes
Turn   | Place    | Note
-------+----------+-------------------------------------------
     0 | D:1      | Arum the Demonspawn Fire Elementalist began the quest for
                  | the Orb.
     0 | D:1      | Reached XP level 1. HP: 13/13 MP: 3/3
   240 | D:1      | Gained mutation: You regenerate a little health from kills.
                  | [demonic ancestry]
   240 | D:1      | Reached XP level 2. HP: 19/19 MP: 0/5
  1313 | D:2      | Reached XP level 3. HP: 24/24 MP: 4/6
  1683 | D:2      | Found an ornate altar of the Wu Jian Council.
  2210 | D:3      | You fall into a shaft and drop 1 floor!
  2230 | D:4      | Gained mutation: You are partially covered in sharp spines.
                  | [demonic ancestry]
  2230 | D:4      | Reached XP level 4. HP: 18/30 MP: 0/8
  2365 | D:4      | Noticed a necrophage
  2377 | D:4      | Killed a necrophage
  2378 | D:4      | Gained mutation: You are mostly covered in sharp spines.
                  | [demonic ancestry]
  2378 | D:4      | Reached XP level 5. HP: 28/35 MP: 3/9
  3066 | D:3      | Got Kireisal's Volume of Enchanting Dislocation
  3072 | D:3      | Learned a level 4 spell: Sticky Flame
  3078 | D:3      | Learned a level 5 spell: Fireball
  3110 | D:3      | Found a transporter.
  3130 | D:3      | Found a transporter.
  3134 | D:3      | Noticed Garym's ghost (amateur GrEE)
  3497 | D:4      | Noticed Grinder
  3510 | D:4      | Paralysed by Grinder for 4 turns
  3512 | D:4      | Killed Grinder
  3513 | D:4      | Gained mutation: You regenerate health from kills. [demonic
                  | ancestry]
  3513 | D:4      | Reached XP level 6. HP: 22/41 MP: 3/12
  3591 | D:4      | Noticed Eustachio
  3603 | D:4      | Killed Eustachio
  3604 | D:4      | Gained mutation: You are surrounded by a mild repulsion
                  | field. (EV +2) [demonic ancestry]
  3604 | D:4      | Reached XP level 7. HP: 46/46 MP: 4/13
  3930 | D:4      | Noticed Sigmund
  3938 | D:4      | Killed Sigmund
  3939 | D:4      | Reached skill level 5 in Fire Magic
  4230 | D:5      | Entered Level 5 of the Dungeon
  4245 | D:5      | Reached skill level 5 in Conjurations
  4290 | D:5      | Found a shimmering blue altar of Sif Muna.
  4307 | D:5      | Reached skill level 5 in Spellcasting
  4433 | D:5      | Gained mutation: You are surrounded by a moderate repulsion
                  | field. (EV +3) [demonic ancestry]
  4433 | D:5      | Reached XP level 8. HP: 52/52 MP: 10/15
  4943 | D:5      | Found a staircase to the Ecumenical Temple.
  4954 | Temple   | Entered the Ecumenical Temple
  6130 | D:6      | Found a stormy altar of Qazlal.
  6143 | D:6      | Found a broken altar of Ashenzari.
  6143 | D:6      | Found a radiant altar of Vehumet.
  6151 | D:6      | Became a worshipper of Vehumet
  6441 | D:6      | Found a faded altar of an unknown god.
  6441 | D:6      | Found a faded altar of an unknown god.
  6462 | D:6      | Found a faded altar of an unknown god.
  6462 | D:6      | Found a hazy altar of Hepliaklqana.
  6489 | D:6      | Reached XP level 9. HP: 57/57 MP: 8/18
  6707 | D:6      | Noticed a skeletal warrior
  6767 | D:6      | Killed a skeletal warrior
  7073 | D:6      | Noticed a two-headed ogre
  7090 | D:6      | Killed a two-headed ogre
  7248 | D:7      | Found Jeroh's Jewellery Shop.
  7424 | D:7      | Noticed a troll
  7430 | D:7      | Killed a troll
  7474 | D:7      | Gained mutation: You have large cloven feet. [demonic
                  | ancestry]
  7474 | D:7      | Reached XP level 10. HP: 63/63 MP: 10/21
  7556 | D:7      | Found a shimmering altar of Xom.
  7574 | D:7      | Noticed a manticore
  7581 | D:7      | Killed a manticore
  7832 | D:7      | Found a sacrificial altar of Ru.
  7968 | D:7      | Identified the +6 spear "Diufekant" {elec, rF+ Int+4}
  8146 | D:8      | Reached * piety under Vehumet
  8146 | D:8      | Offered knowledge of Freeze by Vehumet.
  8368 | D:8      | Noticed Psyche
  8375 | D:8      | Killed Psyche
  8828 | D:8      | Found a shadowy altar of Dithmenos.
  9363 | D:9      | Found a flagged portal.
  9433 | Bailey   | Entered a bailey
  9439 | Bailey   | Noticed an orc knight
  9462 | Bailey   | Reached ** piety under Vehumet
  9472 | Bailey   | Offered knowledge of Poisonous Vapours by Vehumet.
 10208 | Bailey   | Killed an orc knight
 10209 | Bailey   | Reached skill level 10 in Conjurations
 10316 | Bailey   | Identified the +4 fustibalus of the Final Chapter {speed,
                  | rElec Int-3 Dex+3}
 10814 | D:9      | Found a staircase to the Lair.
 10814 | D:9      | Noticed an elephant
 10834 | D:9      | Killed an elephant
 10835 | D:9      | Reached XP level 11. HP: 68/68 MP: 6/24
 11118 | D:9      | Found a burning altar of Makhleb.
 11331 | D:9      | Offered knowledge of Searing Ray by Vehumet.
 11335 | D:9      | Learned a level 2 spell: Searing Ray
 11420 | D:9      | Noticed a two-headed ogre
 11429 | D:9      | Killed a two-headed ogre
 11676 | D:10     | Entered Level 10 of the Dungeon
 11676 | D:10     | Noticed a centaur warrior
 11803 | D:10     | Noticed a two-headed ogre
 11818 | D:10     | Killed a two-headed ogre
 11851 | D:10     | Noticed a two-headed ogre
 11868 | D:10     | Killed a two-headed ogre
 12011 | D:10     | Killed a centaur warrior
 12011 | D:10     | Reached *** piety under Vehumet
 12012 | D:10     | Reached skill level 10 in Fire Magic
 12114 | D:10     | Found an opulent altar of Gozag.
 12603 | D:10     | Found a snail-covered altar of Cheibriados.
 12634 | D:10     | Found a runed translucent door.
 12634 | D:10     | Noticed a sixfirhy
 12920 | D:10     | Killed a sixfirhy
 12921 | D:10     | Reached skill level 10 in Spellcasting
 12977 | D:10     | Identified the +3 helmet of the Abyss {Dex+4}
 13085 | D:11     | Noticed a centaur warrior
 13089 | D:11     | Killed a centaur warrior
 13364 | D:11     | Noticed a seven-headed hydra
 13371 | D:11     | Killed a seven-headed hydra
 13372 | D:11     | Gained mutation: You are surrounded by a strong repulsion
                  | field. (EV +4, RMsl) [demonic ancestry]
 13372 | D:11     | Reached XP level 12. HP: 74/74 MP: 11/26
 13482 | D:11     | Offered knowledge of Ignite Poison by Vehumet.
 13491 | D:11     | Learned a level 7 spell: Orb of Destruction
 13859 | D:11     | Noticed Grum
 13870 | D:11     | Killed Grum
 14281 | D:11     | Found a staircase to the Orcish Mines.
 14431 | D:11     | Noticed Snorg
 14436 | D:11     | Killed Snorg
 14455 | D:11     | Reached **** piety under Vehumet
 15053 | D:12     | Offered knowledge of Hailstorm by Vehumet.
 15053 | D:12     | Noticed a seven-headed hydra
 15071 | D:12     | Killed a seven-headed hydra
 15466 | D:12     | Found Risiship's Antique Weapon Shop.
 15695 | D:12     | Noticed a two-headed ogre
 15705 | D:12     | Killed a two-headed ogre
 16069 | D:13     | Noticed a boulder beetle
 16081 | D:13     | Killed a boulder beetle
 16082 | D:13     | Gained mutation: You have hoof-like feet. [demonic
                  | ancestry]
 16082 | D:13     | Reached XP level 13. HP: 79/79 MP: 11/28
 16626 | D:13     | Found a gate to the Vaults.
 16718 | D:13     | Got Winu's Disquisition on Transmigration and Calling
 16724 | D:13     | Learned a level 4 spell: Hailstorm
 16829 | D:13     | Reached ***** piety under Vehumet
 16829 | D:13     | Offered knowledge of Lightning Bolt by Vehumet.
 16836 | D:13     | Learned a level 5 spell: Lightning Bolt
 17157 | D:14     | Noticed a white very ugly thing
 17167 | D:14     | Killed a white very ugly thing
 17232 | D:14     | Found a frozen archway.
 17255 | IceCv    | Entered an ice cave
 17310 | IceCv    | Noticed a white very ugly thing
 17380 | IceCv    | Killed a white very ugly thing
 17556 | IceCv    | Noticed a white very ugly thing
 17576 | IceCv    | Killed a white very ugly thing
 17745 | IceCv    | Identified the ring of Moodiness {rPois rCorr}
 18177 | D:14     | Identified the +6 ring mail of Freezing Amelioration {Drain
                  | Str+5}
 18654 | D:14     | Gained mutation: You have hooves in place of feet. [demonic
                  | ancestry]
 18654 | D:14     | Reached XP level 14. HP: 85/85 MP: 16/31
 19540 | Lair:1   | Entered Level 1 of the Lair of Beasts
 19700 | Lair:1   | Noticed Fannar
 19973 | Lair:1   | Killed Fannar
 20367 | Lair:1   | Learned a level 5 spell: Bolt of Magma
 21147 | Lair:2   | Noticed Sonja
 21152 | Lair:2   | Killed Sonja
 21311 | Lair:2   | Found a transporter.
 21315 | Lair:2   | Noticed Kyrchokua's ghost (novice TrMo)
 21316 | Lair:2   | Found a bloodstained altar of Trog.
 21322 | Lair:2   | Found a transporter.
 21523 | Lair:2   | Noticed Erica
 21526 | Lair:2   | Killed Erica
 21750 | Lair:2   | Offered knowledge of Freezing Cloud by Vehumet.
 21916 | Lair:2   | Found a staircase to the Snake Pit.
 23001 | Lair:3   | Reached skill level 15 in Conjurations
 23286 | Lair:3   | Found a staircase to the Swamp.
 23573 | Lair:3   | Identified a scroll of acquirement
 23582 | Lair:3   | Acquired the ring "Duigeju" {Fire rPois rN+++ Str-2 Dex-2}
 24307 | Lair:4   | Learned a level 5 spell: Freezing Cloud
 24488 | Lair:4   | Noticed Nessos
 24494 | Lair:4   | Killed Nessos
 24933 | Lair:5   | Reached skill level 1 in Ice Magic
 25274 | Lair:5   | Reached XP level 15. HP: 90/90 MP: 10/33
 25805 | Lair:6   | Entered Level 6 of the Lair of Beasts
 25948 | Lair:6   | Reached skill level 15 in Spellcasting
 26334 | Lair:6   | Offered knowledge of Lee's Rapid Deconstruction by Vehumet.
 26341 | Lair:6   | Learned a level 5 spell: Lee's Rapid Deconstruction
 26637 | Lair:6   | Found the +8 trident of the Octopus King {venom, rElec
                  | rPois Will+}
 26906 | Lair:6   | Found a staircase to the Slime Pits.
 27295 | Swamp:1  | Entered Level 1 of the Swamp
 27409 | Swamp:1  | HP: 2/90 [eleionoma/spray of wooden splinters (32)]
 27409 | Swamp:1  | Killed from afar by a will-o-the-wisp

Illustrated notes

Levels and vault maps discovered:
D:1:      dpeg_arrival_arbitrary_c, layout_basic, chequers_jeans
D:2:      layout_loops_cross, basic_altar, grunt_decor_clamped
D:3:      layout_basic, nicolae_elyvilon_peaceful_grove,
          gammafunk_ghost_stat_death
D:4:      layout_loops_ring, uniq_eustachio, uniq_grinder, uniq_sigmund
D:5:      layout_loops_ring, overflow_temple_1_default, amcnicky_altar_gilded,
          minmay_temple_entry_proselytizer
D:6:      layout_rooms, gammafunk_temple_overflow_forgotten,
          nicolae_hepliaklqana_ecumenical_no_more, serial_undead,
          serial_undead_c, serial_undead_f, serial_undead_a, serial_undead_e,
          minmay_manual_mullet
D:7:      layout_layer_cave, nicolae_ru_the_path_less_chosen,
          lemuel_crystal_altar, serial_shops, nicolae_diamond_shop
D:8:      layout_gridville, nicolae_dithmenos_shadow_blocks,
          eino_small_chamber_without_monster, uniq_psyche
D:9:      layout_stronghold, lemuel_round_altar, david_lair_generic,
          enter_bailey_3, minmay_stone_trees_small
D:10:     cheibrodos_shockbox, layout_loops_cross, mainiacjoe_overflow_24_doors,
          grunt_gozag_statues, minmay_splitting_lines, kennysheep_small_square
D:11:     kennysheep_blocky_room, layout_basic, orc_0_dummy, minmay_radiant,
          uniq_grum, uniq_snorg
D:12:     layout_loops_ring, serial_shops, nicolae_stop_n_shop_2, drop_trap
D:13:     layout_long_grid, david_vaults_2, amcnicky_mini_pool_small
D:14:     layout_loops_corners, chequers_avenue,
          portal_ice_cave_entry_horrid_things, minmay_between
Temple:   compressed_dpeg_triangle_lava_temple
Lair:1:   layout_loops_ring, uniq_fannar
Lair:2:   layout_gridlike, guppyfry_snake_entry_island,
          gammafunk_ghost_wrathful_warriors, chequers_serial_rivers_small_a,
          minmay_lair_oklob_chamber, infiniplex_staircase_pool, uniq_erica,
          uniq_sonja
Lair:3:   layout_cave_pods, swamp_mist_pool, cheibrodos_lair_lostbears,
          grunt_megastairs_5
Lair:4:   layout_roguey, uniq_nessos
Lair:5:   layout_misc_corridors, grunt_megastairs_2, lemuel_fruit_fields,
          serial_bayou_shore_b
Lair:6:   gammafunk_lair_ancient_temple, layout_long_grid, slime_dummy,
          serial_bayou_shore_b
Swamp:1:  layout_basic_swamp, evilmike_swamp_ruin_rubble_1, swamp_pool1,
          st_swamp_ruins_1

Skill      XL: |  1  2  3  4  5  6  7  8  9 10 11 12 13 14 15 |
---------------+----------------------------------------------+-----
Fire Magic     | 3 4 5 6 8 9 10 11 12 13 | 13.4
Conjurations   | 2 4 5 6 8 10 12 13 14 15 | 15.6
Spellcasting   | 3 4 5 6 7 9 10 11 13 14 15 | 15.3
Ice Magic      | 1 3 |  3.4
Dodging        | |  1.7
Stealth        | |  1.7

Action                   |  1- 3 |  4- 6 |  7- 9 | 10-12 | 13-15 || total
-------------------------+-------+-------+-------+-------+-------++-------
Melee: Unarmed           |     5 |     2 |       |       |       ||     7
       Scythe            |       |       |    12 |       |       ||    12
       Spear             |       |       |       |    62 |    98 ||   160
       Kick              |       |       |       |       |    24 ||    24
 Cast: Foxfire           |    66 |    59 |   182 |   459 |   501 ||  1267
       Sticky Flame      |       |     1 |    13 |    41 |    39 ||    94
       Fireball          |       |       |       |    44 |    90 ||   134
       Searing Ray       |       |       |       |     6 |     1 ||     7
       Orb of Destructio |       |       |       |     9 |    45 ||    54
       Lightning Bolt    |       |       |       |       |    32 ||    32
       Bolt of Magma     |       |       |       |       |    21 ||    21
       Hailstorm         |       |       |       |       |     3 ||     3
       Freezing Cloud    |       |       |       |       |     7 ||     7
Evoke: Wand              |       |       |       |       |     7 ||     7
       Piece from Xom's  |       |       |       |       |     1 ||     1
  Use: Scroll            |       |     8 |       |    16 |    17 ||    41
       Potion            |       |       |       |     2 |     4 ||     6
Armor: Robe              |     5 |     1 |    11 |    29 |    30 ||    76
       Skin              |       |       |       |    22 |       ||    22
Dodge: Dodged            |    18 |     4 |    39 |   122 |   161 ||   344
       Repelled          |       |       |       |     2 |    14 ||    16
Block: Other             |       |       |       |       |     4 ||     4
